Barracuda vs Sound Tigers
Created - April 30, 2021 at 19:09
Goals
|
Barracuda |
2 |
2 |
1 |
5 |
Sound Tigers |
1 |
2 |
0 |
3 |
|
Shots
|
Barracuda |
13 |
10 |
17 |
40 |
Sound Tigers |
16 |
19 |
3 |
38 |
|
1st period
1. Barracuda , Corban Knight 42 (Jordan LaVallee 44) at 5:54
2. Sound Tigers , Brad Ross 1 (Alexander Yelesin 3, Gabriel Carlsson 14) at 8:47
3. Barracuda , Theodor Blueger 11 (Logan MacMillan 32) at 16:29
Penalties :
No Penalty
2nd period
4. Barracuda , Corban Knight 43 (Brandon Kozun 34) at 4:34 (PP)
5. Barracuda , Kevin Connauton 15 (Corban Knight 77, Jordan LaVallee 45) at 9:35 (PP)
6. Sound Tigers , Ryan Bourque 12 (James Livingstone 16, Tyrell Goulbourne 7) at 13:35
7. Sound Tigers , Brian Ferlin 46 (Joe Labate 24, Julian Melchiori 24) at 18:01
Penalties :
Brad Ross (Sou) for Hooking (Minor) at 3:46, Connor Murphy (Sou) for Cross-checking (Minor) at 8:59, Juho Lammikko (San) for Slashing (Minor) at 11:07
3rd period
8. Barracuda , Brandon Kozun 40 (Corban Knight 78, Jordan LaVallee 46) at 14:24
Penalties :
Alexander Yelesin (Sou) for Holding (Minor) at 7:30, Jayson Megna (Sou) for Hooking (Minor) at 14:29
Goalie Stats
Chet Pickard (San), 35 saves from 38 shots - (0.921), W, 33-20-3, 60:00 minutes
Leland Irving (Sou), 35 saves from 40 shots - (0.875), L, 19-25-7, 60:00 minutes
Players Stats for Barracuda
Player Name G A P +/- PIM S H SB GA TA FO MP PP MP PK MP
------------------------------------------------------------------------------------
Alex Plante 0 0 0 0 0 0 1 0 0 0 0/0 11:56 0:00 0:06
Billy Sweat 0 0 0 -2 0 5 2 1 3 0 0/1 18:10 1:48 0:25
Brandon Kozun 1 1 2 2 0 4 0 0 0 0 0/0 20:35 3:34 0:00
Chris Wagner 0 0 0 -1 0 1 0 0 1 0 1/1 11:41 0:00 0:00
Corban Knight 2 2 4 2 0 7 3 1 1 0 22/39 21:52 3:34 0:59
David Shields 0 0 0 0 0 0 0 0 0 0 0/0 11:56 0:00 0:06
Emil Pettersson 0 0 0 -1 0 5 0 0 0 0 3/5 12:20 0:00 0:31
Jordan LaVallee 0 3 3 2 0 2 2 1 0 1 1/3 21:48 3:34 1:06
Juho Lammikko 0 0 0 1 2 1 0 0 1 1 0/1 7:29 0:00 0:00
Justin Shugg 0 0 0 -2 0 0 0 0 0 0 0/0 18:04 1:48 0:00
Kevin Connauton 1 0 1 0 0 6 3 2 1 0 0/0 27:32 4:08 1:07
Logan MacMillan 0 1 1 1 0 1 0 0 1 0 0/1 8:04 0:00 0:00
Luca Sbisa 0 0 0 0 0 0 1 3 0 0 0/0 20:32 1:14 0:46
Sam Carrick 0 0 0 -2 0 2 2 0 1 0 9/12 18:29 1:48 0:25
Samuel Groulx 0 0 0 0 0 2 0 1 1 2 0/0 20:32 1:14 0:46
Theodor Blueger 1 0 1 1 0 1 0 0 0 0 2/4 7:36 0:00 0:20
William Carrier 0 0 0 -1 0 3 3 0 0 0 0/0 11:52 0:00 0:12
Zach Trotman 0 0 0 0 0 0 1 2 0 0 0/0 27:32 4:08 1:07
Players Stats for Sound Tigers
Player Name G A P +/- PIM S H SB GA TA FO MP PP MP PK MP
------------------------------------------------------------------------------------
Alexander Yelesin 0 1 1 1 2 3 0 0 0 1 0/0 13:41 0:00 0:36
Andrew Shaw 0 0 0 -2 0 3 2 2 0 2 8/13 22:11 1:01 3:48
Ben Johnson 0 0 0 0 0 0 0 0 0 0 0/0 0:51 0:00 0:00
Ben Thomson 0 0 0 1 0 1 0 1 0 1 0/0 14:25 0:58 0:00
Blake Speers 0 0 0 0 0 0 0 0 0 0 0/0 0:38 0:00 0:00
Borna Rendulic 0 0 0 0 0 2 0 0 0 1 0/0 7:53 0:00 0:00
Brad Ross 1 0 1 0 2 2 2 0 0 0 1/1 8:59 0:00 0:47
Brian Ferlin 1 0 1 1 0 5 1 1 0 0 0/0 17:52 0:58 3:38
Connor Murphy 0 0 0 -1 2 4 2 0 1 0 0/0 26:28 1:13 2:47
David Broll 0 0 0 0 0 0 0 0 0 0 0/0 1:15 0:00 0:36
Dylan McIlrath 0 0 0 -1 0 0 6 4 0 3 0/0 27:05 1:13 3:23
Gabriel Carlsson 0 1 1 1 0 0 1 0 0 1 0/0 12:58 0:00 0:00
James Livingstone 0 1 1 1 0 4 0 0 1 0 0/1 14:05 0:00 0:56
James Sheppard 0 0 0 -2 0 2 1 0 1 0 2/4 19:31 1:01 0:56
Jayson Megna 0 0 0 -2 2 0 1 0 0 0 4/19 18:53 1:01 0:00
Joe Labate 0 1 1 1 0 3 2 1 0 0 9/16 14:25 0:58 0:00
Joey Laleggia 0 0 0 0 0 3 0 0 0 0 0/0 19:57 0:46 1:59
Julian Melchiori 0 1 1 0 0 1 0 4 0 0 0/0 19:57 0:46 1:59
Pavel Kraskovsky 0 0 0 0 0 1 1 0 1 0 1/2 7:53 0:00 0:00
Ryan Bourque 1 0 1 1 0 3 3 0 0 1 4/11 12:50 0:00 0:03
Tyrell Goulbourne 0 1 1 1 0 1 6 0 0 0 0/0 12:47 0:00 0:00
3 Stars
1 - Corban Knight (San)
2 - Jordan LaVallee (San)
3 - Brandon Kozun (San)
Power Play
Barracuda - 2 on 4 Attempt(s) - 50.00%
Sound Tigers - 0 on 1 Attempt(s) - 0.00%
Penalty Kill
Barracuda - 1 on 1 Attempt(s) - 100.00%
- Score 0 goal in Penalty Kill
Sound Tigers - 2 on 4 Attempt(s) - 50.00%
- Score 0 goal in Penalty Kill
Team Stat
Barracuda - Hits : 18 - Faceoff Wins : 38 - Blocked Shots : 11 - Penalty Minutes : 2
Sound Tigers - Hits : 28 - Faceoff Wins : 29 - Blocked Shots : 13 - Penalty Minutes : 8
Official
Referees : Unknown
Linesman : Unknown
Game Notes
No Game Note
Finance
Level 1 -- Attendance: 1210 (60.50%) -- Ticket Income $48,400
Level 2 -- Attendance: 717 (71.70%) -- Ticket Income $14,340
Total Attendance: 1927 (64.23%)
Total Ticket Income: $62,740
Other Income: $3,137
Total Income: $65,877
Barracuda
5 vs 5 Forward
Center Left Wing Right Wing Time % Phy DF OF
1 Corban Knight Jordan LaVallee Brandon Kozun 40 1 2 2
2 Sam Carrick Billy Sweat Justin Shugg 30 1 2 2
3 Emil Pettersson William Carrier Chris Wagner 20 1 2 2
4 Theodor Blueger Logan MacMillan Juho Lammikko 10 1 2 2
5 vs 5 Defense
Defense Defense Time % Phy DF OF
1 Kevin Connauton Zach Trotman 40 1 2 2
2 Luca Sbisa Samuel Groulx 30 1 2 2
3 Alex Plante David Shields 20 1 2 2
4 Kevin Connauton Zach Trotman 10 1 2 2
PowerPlay Forward
Center Left Wing Right Wing Time % Phy DF OF
1 Corban Knight Jordan LaVallee Brandon Kozun 60 1 2 2
2 Sam Carrick Billy Sweat Justin Shugg 40 1 2 2
PowerPlay Defense
Defense Defense Time % Phy DF OF
1 Kevin Connauton Zach Trotman 60 1 2 2
2 Luca Sbisa Samuel Groulx 40 1 2 2
Penalty Kill 4 Players Forward
Center Wing Time % Phy DF OF
1 Corban Knight Jordan LaVallee 60 1 2 2
2 Billy Sweat Sam Carrick 40 1 2 2
Penalty Kill 4 Players Defense
Defense Defense Time % Phy DF OF
1 Kevin Connauton Zach Trotman 60 1 2 2
2 Luca Sbisa Samuel Groulx 40 1 2 2
Penalty Kill - 3 Players Forward
Forward Time % Phy DF OF
1 Corban Knight 60 1 2 2
2 Jordan LaVallee 40 1 2 2
Penalty Kill - 3 Players Defense
Defense Defense Time % Phy DF OF
1 Kevin Connauton Zach Trotman 60 1 2 2
2 Luca Sbisa Samuel Groulx 40 1 2 2
4 vs 4 Forward
Center Wing Time % Phy DF OF
1 Corban Knight Jordan LaVallee 60 1 2 2
2 Billy Sweat Sam Carrick 40 1 2 2
4 vs 4 Defense
Defense Defense Time % Phy DF OF
1 Kevin Connauton Zach Trotman 60 1 2 2
2 Luca Sbisa Samuel Groulx 40 1 2 2
Last Minutes Offensive
Center Left Wing Right Wing Defense Defense
Corban Knight Jordan LaVallee Brandon Kozun Kevin Connauton Zach Trotman
Last Minutes Defensive
Center Left Wing Right Wing Defense Defense
Corban Knight Jordan LaVallee Brandon Kozun Kevin Connauton Zach Trotman
Goaltenders
Starting : Chet Pickard
Backup : Brandon Halverson
Extra Forwards
Normal : William Carrier, Logan MacMillan, Emil Pettersson - PP : William Carrier, Logan MacMillan - PK : Emil Pettersson
Extra Defensemen
Normal : Alex Plante, David Shields, Luca Sbisa - PP : Alex Plante - PK : David Shields, Luca Sbisa
Penalty Shots
Corban Knight, Jordan LaVallee, Billy Sweat, Sam Carrick, William Carrier
Scratches
Thomas Gobeil (Healthy), Alex Henriksson (Healthy), Cole Ully (Healthy), Mario Lucia (Healthy), Jerome Gauthier-Leduc (Healthy)
Robin Norell (Healthy), Alex Lintuniemi (Healthy), Oscar Dansk (Healthy), Joacim Eriksson (Healthy)
Sound Tigers
5 vs 5 Forward
Center Left Wing Right Wing Time % Phy DF OF
1 Jayson Megna James Sheppard Andrew Shaw 40 1 2 2
2 Joe Labate Ben Thomson Brian Ferlin 30 1 2 2
3 Ryan Bourque Tyrell Goulbourne James Livingstone 20 1 2 2
4 Pavel Kraskovsky Brad Ross Borna Rendulic 10 1 2 2
5 vs 5 Defense
Defense Defense Time % Phy DF OF
1 Connor Murphy Dylan McIlrath 40 1 2 2
2 Julian Melchiori Joey Laleggia 30 1 2 2
3 Gabriel Carlsson Alexander Yelesin 20 1 2 2
4 Connor Murphy Dylan McIlrath 10 1 2 2
PowerPlay Forward
Center Left Wing Right Wing Time % Phy DF OF
1 Jayson Megna James Sheppard Andrew Shaw 60 1 2 2
2 Joe Labate Ben Thomson Brian Ferlin 40 1 2 2
PowerPlay Defense
Defense Defense Time % Phy DF OF
1 Connor Murphy Dylan McIlrath 60 1 2 2
2 Julian Melchiori Joey Laleggia 40 1 2 2
Penalty Kill 4 Players Forward
Center Wing Time % Phy DF OF
1 Andrew Shaw Brian Ferlin 60 1 2 2
2 James Sheppard James Livingstone 40 1 2 2
Penalty Kill 4 Players Defense
Defense Defense Time % Phy DF OF
1 Connor Murphy Dylan McIlrath 60 1 2 2
2 Julian Melchiori Joey Laleggia 40 1 2 2
Penalty Kill - 3 Players Forward
Forward Time % Phy DF OF
1 Andrew Shaw 60 1 2 2
2 Brian Ferlin 40 1 2 2
Penalty Kill - 3 Players Defense
Defense Defense Time % Phy DF OF
1 Connor Murphy Dylan McIlrath 60 1 2 2
2 Julian Melchiori Joey Laleggia 40 1 2 2
4 vs 4 Forward
Center Wing Time % Phy DF OF
1 Andrew Shaw Brian Ferlin 60 1 2 2
2 James Sheppard James Livingstone 40 1 2 2
4 vs 4 Defense
Defense Defense Time % Phy DF OF
1 Connor Murphy Dylan McIlrath 60 1 2 2
2 Julian Melchiori Joey Laleggia 40 1 2 2
Last Minutes Offensive
Center Left Wing Right Wing Defense Defense
Jayson Megna James Sheppard Andrew Shaw Connor Murphy Dylan McIlrath
Last Minutes Defensive
Center Left Wing Right Wing Defense Defense
Jayson Megna James Sheppard Andrew Shaw Connor Murphy Dylan McIlrath
Goaltenders
Starting : Leland Irving
Backup : Sean Maguire
Extra Forwards
Normal : Ben Johnson, Blake Speers, David Broll - PP : Ben Johnson, Blake Speers - PK : David Broll
Extra Defensemen
Normal : Gabriel Carlsson, Alexander Yelesin, Julian Melchiori - PP : Gabriel Carlsson - PK : Alexander Yelesin, Julian Melchiori
Penalty Shots
Andrew Shaw, Brian Ferlin, James Sheppard, James Livingstone, Jayson Megna
Scratches
Slater Koekkoek (Healthy), Garret Ross (Healthy), Cade Fairchild (Suspend), Chris Driedger (Healthy)
% Time on Ice - Barracuda
Lines # - Real PCT - Wanted PCT - Time Play
Normal Forward
1 - 33% - 40% - 17:21
2 - 33% - 30% - 17:24
3 - 20% - 20% - 10:41
4 - 14% - 10% - 7:13
Normal Defense
1 - 37% - 40% - 19:37
2 - 35% - 30% - 18:32
3 - 22% - 20% - 11:36
4 - 6% - 10% - 2:54
PP Forward
1 - 66% - 60% - 3:34
2 - 34% - 40% - 1:48
PP Defense
1 - 77% - 60% - 4:08
2 - 23% - 40% - 1:14
PK Forward
1 - 79% - 60% - 1:34
2 - 21% - 40% - 0:25
PK Defense
1 - 61% - 60% - 1:13
2 - 39% - 40% - 0:46
PK3 Forward
1 - 0% - 60%
2 - 0% - 40%
PK3 Defense
1 - 0% - 60%
2 - 0% - 40%
44 Forward
1 - 0% - 60%
2 - 0% - 40%
44 Defense
1 - 0% - 60%
2 - 0% - 40%
Last Minute Offensive - 0:00
Last Minute Defensive - 0:00
Total
Forward - 60:00
Defense - 60:00
|
% Time on Ice - Sound Tigers
Lines # - Real PCT - Wanted PCT - Time Play
Normal Forward
1 - 34% - 40% - 17:56
2 - 27% - 30% - 14:03
3 - 24% - 20% - 12:47
4 - 15% - 10% - 7:53
Normal Defense
1 - 37% - 40% - 19:28
2 - 33% - 30% - 17:12
3 - 25% - 20% - 12:58
4 - 6% - 10% - 3:01
PP Forward
1 - 51% - 60% - 1:01
2 - 49% - 40% - 0:58
PP Defense
1 - 61% - 60% - 1:13
2 - 39% - 40% - 0:46
PK Forward
1 - 83% - 60% - 4:26
2 - 17% - 40% - 0:56
PK Defense
1 - 63% - 60% - 3:23
2 - 37% - 40% - 1:59
PK3 Forward
1 - 0% - 60%
2 - 0% - 40%
PK3 Defense
1 - 0% - 60%
2 - 0% - 40%
44 Forward
1 - 0% - 60%
2 - 0% - 40%
44 Defense
1 - 0% - 60%
2 - 0% - 40%
Last Minute Offensive - 0:00
Last Minute Defensive - 0:00
Total
Forward - 60:00
Defense - 60:00
|
Play-by-Play
1st period
0:01 of 1st period - Jordan LaVallee wins face-off versus Jayson Megna in neutral zone.
0:06 of 1st period - Slapshot by Kevin Connauton.
0:06 of 1st period - Shot Misses the Net.
0:13 of 1st period - Off-side.
0:14 of 1st period - Sam Carrick wins face-off versus Joe Labate in neutral zone.
0:39 of 1st period - James Livingstone is hit by William Carrier.
0:51 of 1st period - Chris Wagner is hit by Tyrell Goulbourne and loses puck.
1:42 of 1st period - Wrist shot by Ben Thomson.
1:42 of 1st period - Shot Blocked by Zach Trotman.
1:59 of 1st period - Icing by Gabriel Carlsson.
2:00 of 1st period - Joe Labate wins face-off versus Emil Pettersson in Sound Tigers zone.
2:28 of 1st period - Off-side.
2:29 of 1st period - Corban Knight wins face-off versus Ryan Bourque in neutral zone.
2:52 of 1st period - Backhand shot by Corban Knight.
2:52 of 1st period - Stopped by Leland Irving with a rebound.
2:54 of 1st period - Backhand shot by Brandon Kozun.
2:54 of 1st period - Shot Blocked by Dylan McIlrath.
3:17 of 1st period - Snap shot by Jordan LaVallee.
3:17 of 1st period - Shot Misses the Net.
3:19 of 1st period - Slapshot by Brandon Kozun.
3:19 of 1st period - Stopped by Leland Irving without a rebound.
3:20 of 1st period - Sam Carrick wins face-off versus Jayson Megna in Sound Tigers zone.
3:23 of 1st period - Snap shot by Sam Carrick.
3:23 of 1st period - Shot Misses the Net.
3:29 of 1st period - Joey Laleggia is hit by Sam Carrick and loses puck.
3:46 of 1st period - Theodor Blueger is hit by Joe Labate and loses puck.
4:07 of 1st period - Slapshot by Kevin Connauton.
4:07 of 1st period - Shot Misses the Net.
4:09 of 1st period - Slapshot by William Carrier.
4:09 of 1st period - Stopped by Leland Irving with a rebound.
4:11 of 1st period - Snap shot by Kevin Connauton.
4:11 of 1st period - Deflect By William Carrier.
4:11 of 1st period - Stopped by Leland Irving without a rebound.
4:12 of 1st period - Sam Carrick wins face-off versus Jayson Megna in Sound Tigers zone.
4:13 of 1st period - Slapshot by Billy Sweat.
4:13 of 1st period - Stopped by Leland Irving with a rebound.
4:39 of 1st period - Ben Thomson is hit by Jordan LaVallee and loses puck.
4:48 of 1st period - Wrist shot by Ben Thomson.
4:48 of 1st period - Stopped by Chet Pickard with a rebound.
5:02 of 1st period - Slapshot by James Livingstone.
5:02 of 1st period - Shot Misses the Net.
5:45 of 1st period - Slapshot by Juho Lammikko.
5:45 of 1st period - Deflect By Logan MacMillan.
5:45 of 1st period - Shot Misses the Net.
5:45 of 1st period - Puck is out of play.
5:46 of 1st period - Andrew Shaw wins face-off versus Theodor Blueger in Sound Tigers zone.
5:50 of 1st period - Off-side.
5:51 of 1st period - Corban Knight wins face-off versus Jayson Megna in neutral zone.
5:54 of 1st period - Snap shot by Corban Knight.
5:54 of 1st period - Goal by Corban Knight - Barracuda : 1 - Sound Tigers : 0.
5:55 of 1st period - Jayson Megna wins face-off versus Corban Knight in neutral zone.
6:25 of 1st period - Wrist shot by Brian Ferlin.
6:25 of 1st period - Shot Hit the Post.
6:27 of 1st period - Slapshot by Connor Murphy.
6:27 of 1st period - Stopped by Chet Pickard with a rebound.
7:29 of 1st period - Backhand shot by Andrew Shaw.
7:29 of 1st period - Deflect By James Sheppard.
7:29 of 1st period - Stopped by Chet Pickard with a rebound.
7:31 of 1st period - Backhand shot by Jayson Megna.
7:31 of 1st period - Shot Misses the Net.
7:33 of 1st period - Slapshot by Joey Laleggia.
7:33 of 1st period - Stopped by Chet Pickard without a rebound.
7:34 of 1st period - Sam Carrick wins face-off versus Joe Labate in Barracuda zone.
7:34 of 1st period - Sam Carrick is hit by Brian Ferlin.
8:25 of 1st period - Icing by Alexander Yelesin.
8:26 of 1st period - Pavel Kraskovsky wins face-off versus Emil Pettersson in Sound Tigers zone.
8:37 of 1st period - Wrist shot by Pavel Kraskovsky.
8:37 of 1st period - Shot Misses the Net.
8:39 of 1st period - Snap shot by Gabriel Carlsson.
8:39 of 1st period - Shot Misses the Net.
8:43 of 1st period - Slapshot by Brad Ross.
8:43 of 1st period - Shot Misses the Net.
8:45 of 1st period - Slapshot by Alexander Yelesin.
8:45 of 1st period - Shot Blocked by Samuel Groulx.
8:47 of 1st period - Snap shot by Brad Ross.
8:47 of 1st period - Goal by Brad Ross - Barracuda : 1 - Sound Tigers : 1.
8:48 of 1st period - Andrew Shaw wins face-off versus Corban Knight in neutral zone.
9:13 of 1st period - Kevin Connauton is hit by Joe Labate and loses puck.
9:18 of 1st period - Snap shot by Brian Ferlin.
9:18 of 1st period - Stopped by Chet Pickard with a rebound.
9:43 of 1st period - Zach Trotman is hit by Pavel Kraskovsky and loses puck.
9:56 of 1st period - Julian Melchiori is hit by Kevin Connauton and loses puck.
10:17 of 1st period - Chris Wagner is hit by James Sheppard and loses puck.
10:24 of 1st period - Snap shot by Andrew Shaw.
10:24 of 1st period - Shot Blocked by Luca Sbisa.
10:26 of 1st period - Snap shot by Andrew Shaw.
10:26 of 1st period - Stopped by Chet Pickard with a rebound.
10:28 of 1st period - Snap shot by James Sheppard.
10:28 of 1st period - Stopped by Chet Pickard without a rebound.
10:29 of 1st period - Corban Knight wins face-off versus Joe Labate in Barracuda zone.
10:44 of 1st period - Wrist shot by Corban Knight.
10:44 of 1st period - Stopped by Leland Irving with a rebound.
10:56 of 1st period - David Shields is hit by Andrew Shaw and loses puck.
11:24 of 1st period - William Carrier is hit by Tyrell Goulbourne and loses puck.
11:29 of 1st period - Slapshot by Connor Murphy.
11:29 of 1st period - Deflect By Ryan Bourque.
11:29 of 1st period - Shot Misses the Net.
11:29 of 1st period - Puck is out of play.
11:30 of 1st period - Joe Labate wins face-off versus Corban Knight in Barracuda zone.
12:02 of 1st period - Snap shot by James Sheppard.
12:02 of 1st period - Shot Misses the Net.
12:04 of 1st period - Snap shot by Andrew Shaw.
12:04 of 1st period - Shot Hit the Post.
12:26 of 1st period - Slapshot by Emil Pettersson.
12:26 of 1st period - Stopped by Leland Irving without a rebound.
12:27 of 1st period - Andrew Shaw wins face-off versus Corban Knight in Sound Tigers zone.
12:39 of 1st period - Wrist shot by Jordan LaVallee.
12:39 of 1st period - Stopped by Leland Irving without a rebound.
12:40 of 1st period - Jayson Megna wins face-off versus Corban Knight in Sound Tigers zone.
12:50 of 1st period - Off-side.
12:51 of 1st period - Joe Labate wins face-off versus Corban Knight in neutral zone.
13:03 of 1st period - Joe Labate is hit by Jordan LaVallee and loses puck.
13:31 of 1st period - Jayson Megna is hit by Alex Plante and loses puck.
13:50 of 1st period - Slapshot by James Livingstone.
13:50 of 1st period - Stopped by Chet Pickard with a rebound.
13:52 of 1st period - Snap shot by Dylan McIlrath.
13:52 of 1st period - Deflect By James Livingstone.
13:52 of 1st period - Shot Misses the Net.
13:52 of 1st period - Puck is out of play.
13:53 of 1st period - Joe Labate wins face-off versus Corban Knight in Barracuda zone.
14:04 of 1st period - Wrist shot by Joe Labate.
14:04 of 1st period - Deflect By Ben Thomson.
14:04 of 1st period - Shot Misses the Net.
14:04 of 1st period - Puck is out of play.
14:05 of 1st period - Andrew Shaw wins face-off versus Corban Knight in Barracuda zone.
14:32 of 1st period - Ben Thomson is hit by Zach Trotman and loses puck.
14:37 of 1st period - Snap shot by Billy Sweat.
14:37 of 1st period - Shot Misses the Net.
14:39 of 1st period - Wrist shot by Sam Carrick.
14:39 of 1st period - Shot Blocked by Julian Melchiori.
14:41 of 1st period - Wrist shot by Justin Shugg.
14:41 of 1st period - Shot Blocked by Julian Melchiori.
14:43 of 1st period - Slapshot by Samuel Groulx.
14:43 of 1st period - Stopped by Leland Irving with a rebound.
14:55 of 1st period - Luca Sbisa is hit by Ryan Bourque and loses puck.
15:02 of 1st period - Snap shot by James Livingstone.
15:02 of 1st period - Shot Misses the Net.
15:04 of 1st period - Wrist shot by James Livingstone.
15:04 of 1st period - Stopped by Chet Pickard without a rebound.
15:05 of 1st period - Corban Knight wins face-off versus Jayson Megna in Barracuda zone.
15:16 of 1st period - Wrist shot by Andrew Shaw.
15:16 of 1st period - Stopped by Chet Pickard without a rebound.
15:17 of 1st period - Sam Carrick wins face-off versus Jayson Megna in Barracuda zone.
15:30 of 1st period - Dylan McIlrath is hit by Billy Sweat and loses puck.
16:12 of 1st period - Snap shot by Connor Murphy.
16:12 of 1st period - Stopped by Chet Pickard with a rebound.
16:29 of 1st period - Snap shot by Theodor Blueger.
16:29 of 1st period - Goal by Theodor Blueger - Barracuda : 2 - Sound Tigers : 1.
16:30 of 1st period - Jayson Megna wins face-off versus Corban Knight in neutral zone.
16:35 of 1st period - Slapshot by Andrew Shaw.
16:35 of 1st period - Shot Blocked by Kevin Connauton.
16:37 of 1st period - Snap shot by Jayson Megna.
16:37 of 1st period - Shot Misses the Net.
16:39 of 1st period - Snap shot by James Sheppard.
16:39 of 1st period - Shot Misses the Net.
16:43 of 1st period - Snap shot by James Sheppard.
16:43 of 1st period - Shot Blocked by Kevin Connauton.
16:45 of 1st period - Snap shot by Andrew Shaw.
16:45 of 1st period - Shot Blocked by Jordan LaVallee.
16:55 of 1st period - Zach Trotman is hit by Ryan Bourque and loses puck.
17:02 of 1st period - Snap shot by James Livingstone.
17:02 of 1st period - Shot Hit the Post.
17:04 of 1st period - Backhand shot by Connor Murphy.
17:04 of 1st period - Stopped by Chet Pickard with a rebound.
17:22 of 1st period - Wrist shot by Borna Rendulic.
17:22 of 1st period - Deflect By Brad Ross.
17:22 of 1st period - Stopped by Chet Pickard with a rebound.
17:24 of 1st period - Snap shot by Borna Rendulic.
17:24 of 1st period - Stopped by Chet Pickard without a rebound.
17:25 of 1st period - Brad Ross wins face-off versus Sam Carrick in Barracuda zone.
17:28 of 1st period - Snap shot by Borna Rendulic.
17:28 of 1st period - Stopped by Chet Pickard with a rebound.
19:16 of 1st period - Icing by Connor Murphy.
19:17 of 1st period - Corban Knight wins face-off versus Jayson Megna in Sound Tigers zone.
19:20 of 1st period - Snap shot by Corban Knight.
19:20 of 1st period - Stopped by Leland Irving with a rebound.
19:22 of 1st period - Slapshot by Kevin Connauton.
19:22 of 1st period - Stopped by Leland Irving without a rebound.
19:23 of 1st period - Corban Knight wins face-off versus Joe Labate in Sound Tigers zone.
Goals for this period are 2 for Barracuda vs 1 for Sound Tigers.
Shots for this period are 13 for Barracuda vs 16 for Sound Tigers.
2nd period
0:01 of 2nd period - Sam Carrick wins face-off versus James Sheppard in neutral zone.
0:12 of 2nd period - Snap shot by Sam Carrick.
0:12 of 2nd period - Stopped by Leland Irving without a rebound.
0:13 of 2nd period - Corban Knight wins face-off versus Joe Labate in Sound Tigers zone.
0:56 of 2nd period - Icing by Billy Sweat.
0:57 of 2nd period - Ryan Bourque wins face-off versus Sam Carrick in Barracuda zone.
1:08 of 2nd period - Wrist shot by Joe Labate.
1:08 of 2nd period - Shot Misses the Net.
1:10 of 2nd period - Snap shot by Joe Labate.
1:10 of 2nd period - Shot Misses the Net.
1:12 of 2nd period - Slapshot by Ben Thomson.
1:12 of 2nd period - Shot Hit the Post.
1:22 of 2nd period - Justin Shugg is hit by Ryan Bourque and loses puck.
2:12 of 2nd period - Snap shot by Brian Ferlin.
2:12 of 2nd period - Stopped by Chet Pickard with a rebound.
2:14 of 2nd period - Wrist shot by Brian Ferlin.
2:14 of 2nd period - Stopped by Chet Pickard with a rebound.
2:18 of 2nd period - Slapshot by Joe Labate.
2:18 of 2nd period - Stopped by Chet Pickard without a rebound.
2:19 of 2nd period - Theodor Blueger wins face-off versus Ryan Bourque in Barracuda zone.
2:24 of 2nd period - Snap shot by Ryan Bourque.
2:24 of 2nd period - Stopped by Chet Pickard without a rebound.
2:25 of 2nd period - Ryan Bourque wins face-off versus Theodor Blueger in Barracuda zone.
2:38 of 2nd period - Theodor Blueger is hit by Tyrell Goulbourne and loses puck.
2:53 of 2nd period - Snap shot by Jordan LaVallee.
2:53 of 2nd period - Shot Misses the Net.
3:40 of 2nd period - Snap shot by Chris Wagner.
3:40 of 2nd period - Shot Misses the Net.
3:46 of 2nd period - Minor Penalty to Brad Ross for Hooking.
3:47 of 2nd period - Andrew Shaw wins face-off versus Corban Knight in Sound Tigers zone.
3:54 of 2nd period - Wrist shot by Corban Knight.
3:54 of 2nd period - Shot Hit the Post.
3:56 of 2nd period - Wrist shot by Zach Trotman.
3:56 of 2nd period - Shot Misses the Net.
3:58 of 2nd period - Slapshot by Kevin Connauton.
3:58 of 2nd period - Stopped by Leland Irving with a rebound.
4:00 of 2nd period - Slapshot by Zach Trotman.
4:00 of 2nd period - Shot Blocked by Julian Melchiori.
4:02 of 2nd period - Slapshot by Zach Trotman.
4:02 of 2nd period - Shot Blocked by Brian Ferlin.
4:17 of 2nd period - Off-side.
4:18 of 2nd period - Sam Carrick wins face-off versus Andrew Shaw in neutral zone.
4:23 of 2nd period - Andrew Shaw is hit by Luca Sbisa and loses puck.
4:28 of 2nd period - Wrist shot by Billy Sweat.
4:28 of 2nd period - Stopped by Leland Irving with a rebound.
4:30 of 2nd period - Slapshot by Luca Sbisa.
4:30 of 2nd period - Deflect By Billy Sweat.
4:30 of 2nd period - Stopped by Leland Irving without a rebound.
4:31 of 2nd period - Corban Knight wins face-off versus Andrew Shaw in Sound Tigers zone.
4:34 of 2nd period - Backhand shot by Corban Knight.
4:34 of 2nd period - Goal by Corban Knight - Barracuda : 3 - Sound Tigers : 1.
4:35 of 2nd period - Corban Knight wins face-off versus Jayson Megna in neutral zone.
4:48 of 2nd period - Snap shot by Jayson Megna.
4:48 of 2nd period - Shot Misses the Net.
5:02 of 2nd period - Billy Sweat is hit by Dylan McIlrath and loses puck.
5:11 of 2nd period - Snap shot by Connor Murphy.
5:11 of 2nd period - Stopped by Chet Pickard with a rebound.
5:31 of 2nd period - Joe Labate is hit by William Carrier and loses puck.
5:43 of 2nd period - Icing by Joey Laleggia.
5:44 of 2nd period - Joe Labate wins face-off versus Juho Lammikko in Sound Tigers zone.
6:20 of 2nd period - Wrist shot by Pavel Kraskovsky.
6:20 of 2nd period - Shot Misses the Net.
6:22 of 2nd period - Slapshot by Alexander Yelesin.
6:22 of 2nd period - Stopped by Chet Pickard with a rebound.
6:36 of 2nd period - Ben Thomson is hit by Corban Knight and loses puck.
7:01 of 2nd period - Snap shot by Billy Sweat.
7:01 of 2nd period - Stopped by Leland Irving with a rebound.
7:21 of 2nd period - Wrist shot by James Sheppard.
7:21 of 2nd period - Shot Misses the Net.
7:25 of 2nd period - Snap shot by Andrew Shaw.
7:25 of 2nd period - Stopped by Chet Pickard with a rebound.
7:35 of 2nd period - Snap shot by Pavel Kraskovsky.
7:35 of 2nd period - Shot Misses the Net.
7:37 of 2nd period - Wrist shot by Julian Melchiori.
7:37 of 2nd period - Shot Blocked by Zach Trotman.
7:39 of 2nd period - Slapshot by Julian Melchiori.
7:39 of 2nd period - Deflect By Pavel Kraskovsky.
7:39 of 2nd period - Stopped by Chet Pickard without a rebound.
7:40 of 2nd period - Joe Labate wins face-off versus Corban Knight in Barracuda zone.
7:45 of 2nd period - Wrist shot by Ben Thomson.
7:45 of 2nd period - Shot Misses the Net.
7:47 of 2nd period - Slapshot by Joey Laleggia.
7:47 of 2nd period - Stopped by Chet Pickard with a rebound.
7:49 of 2nd period - Wrist shot by Ben Thomson.
7:49 of 2nd period - Shot Misses the Net.
7:51 of 2nd period - Wrist shot by Joe Labate.
7:51 of 2nd period - Stopped by Chet Pickard without a rebound.
7:52 of 2nd period - Sam Carrick wins face-off versus Jayson Megna in Barracuda zone.
8:17 of 2nd period - Justin Shugg is hit by Connor Murphy and loses puck.
8:58 of 2nd period - Wrist shot by Sam Carrick.
8:58 of 2nd period - Deflect By Billy Sweat.
8:58 of 2nd period - Deflect By Julian Melchiori.
8:58 of 2nd period - Shot Blocked by Julian Melchiori.
8:58 of 2nd period - Puck is out of play.
8:59 of 2nd period - James Sheppard wins face-off versus Corban Knight in Sound Tigers zone.
8:59 of 2nd period - Minor Penalty to Connor Murphy for Cross-checking.
9:00 of 2nd period - Andrew Shaw wins face-off versus Corban Knight in Sound Tigers zone.
9:09 of 2nd period - Slapshot by Jordan LaVallee.
9:09 of 2nd period - Deflect By Corban Knight.
9:09 of 2nd period - Shot Blocked by Dylan McIlrath.
9:09 of 2nd period - Puck is out of play.
9:10 of 2nd period - Andrew Shaw wins face-off versus Corban Knight in Sound Tigers zone.
9:31 of 2nd period - Snap shot by Jordan LaVallee.
9:31 of 2nd period - Shot Blocked by Dylan McIlrath.
9:33 of 2nd period - Snap shot by Corban Knight.
9:33 of 2nd period - Shot Misses the Net.
9:35 of 2nd period - Snap shot by Kevin Connauton.
9:35 of 2nd period - Goal by Kevin Connauton - Barracuda : 4 - Sound Tigers : 1.
9:36 of 2nd period - Corban Knight wins face-off versus Jayson Megna in neutral zone.
10:01 of 2nd period - Zach Trotman is hit by Dylan McIlrath and loses puck.
10:45 of 2nd period - Wrist shot by Logan MacMillan.
10:45 of 2nd period - Shot Misses the Net.
11:01 of 2nd period - Luca Sbisa is hit by Gabriel Carlsson and loses puck.
11:07 of 2nd period - Minor Penalty to Juho Lammikko for Slashing.
11:08 of 2nd period - Corban Knight wins face-off versus Jayson Megna in Barracuda zone.
12:34 of 2nd period - Jordan LaVallee is hit by Dylan McIlrath and loses puck.
13:07 of 2nd period - Penalty to Juho Lammikko is over, Juho Lammikko is back on ice.
13:10 of 2nd period - Icing by Alex Plante.
13:11 of 2nd period - Ryan Bourque wins face-off versus Corban Knight in Barracuda zone.
13:12 of 2nd period - Wrist shot by James Livingstone.
13:12 of 2nd period - Stopped by Chet Pickard with a rebound.
13:14 of 2nd period - Wrist shot by Ryan Bourque.
13:14 of 2nd period - Shot Misses the Net.
13:16 of 2nd period - Snap shot by James Livingstone.
13:16 of 2nd period - Shot Blocked by Corban Knight.
13:18 of 2nd period - Wrist shot by Tyrell Goulbourne.
13:18 of 2nd period - Shot Misses the Net.
13:20 of 2nd period - Slapshot by Gabriel Carlsson.
13:20 of 2nd period - Deflect By James Livingstone.
13:20 of 2nd period - Shot Misses the Net.
13:20 of 2nd period - Puck is out of play.
13:21 of 2nd period - Ryan Bourque wins face-off versus Sam Carrick in Barracuda zone.
13:33 of 2nd period - Wrist shot by James Livingstone.
13:33 of 2nd period - Stopped by Chet Pickard with a rebound.
13:35 of 2nd period - Slapshot by Ryan Bourque.
13:35 of 2nd period - Goal by Ryan Bourque - Barracuda : 4 - Sound Tigers : 2.
13:36 of 2nd period - Corban Knight wins face-off versus Jayson Megna in neutral zone.
14:01 of 2nd period - Brian Ferlin is hit by Kevin Connauton.
14:32 of 2nd period - Snap shot by Pavel Kraskovsky.
14:32 of 2nd period - Shot Blocked by Billy Sweat.
14:42 of 2nd period - Luca Sbisa is hit by Tyrell Goulbourne and loses puck.
15:01 of 2nd period - Slapshot by Samuel Groulx.
15:01 of 2nd period - Stopped by Leland Irving with a rebound.
16:45 of 2nd period - Snap shot by Joe Labate.
16:45 of 2nd period - Stopped by Chet Pickard with a rebound.
17:04 of 2nd period - Wrist shot by Sam Carrick.
17:04 of 2nd period - Stopped by Leland Irving with a rebound.
17:44 of 2nd period - David Shields is hit by Dylan McIlrath.
17:47 of 2nd period - Off-side.
17:48 of 2nd period - Joe Labate wins face-off versus Billy Sweat in neutral zone.
17:57 of 2nd period - Snap shot by Ben Thomson.
17:57 of 2nd period - Shot Misses the Net.
17:59 of 2nd period - Snap shot by Julian Melchiori.
17:59 of 2nd period - Deflect By Billy Sweat.
17:59 of 2nd period - Stopped by Chet Pickard with a rebound.
18:01 of 2nd period - Snap shot by Joe Labate.
18:01 of 2nd period - Deflect By Brian Ferlin.
18:01 of 2nd period - Goal by Brian Ferlin - Barracuda : 4 - Sound Tigers : 3.
18:02 of 2nd period - Corban Knight wins face-off versus Jayson Megna in neutral zone.
18:17 of 2nd period - Corban Knight is hit by Andrew Shaw and loses puck.
18:54 of 2nd period - Snap shot by William Carrier.
18:54 of 2nd period - Stopped by Leland Irving without a rebound.
18:55 of 2nd period - Emil Pettersson wins face-off versus Ryan Bourque in Sound Tigers zone.
19:02 of 2nd period - Wrist shot by William Carrier.
19:02 of 2nd period - Shot Misses the Net.
19:39 of 2nd period - Snap shot by Ryan Bourque.
19:39 of 2nd period - Shot Blocked by Luca Sbisa.
19:41 of 2nd period - Slapshot by Joey Laleggia.
19:41 of 2nd period - Shot Blocked by Luca Sbisa.
19:43 of 2nd period - Slapshot by Alexander Yelesin.
19:43 of 2nd period - Stopped by Chet Pickard with a rebound.
19:45 of 2nd period - Slapshot by Alexander Yelesin.
19:45 of 2nd period - Stopped by Chet Pickard with a rebound.
19:47 of 2nd period - Snap shot by Tyrell Goulbourne.
19:47 of 2nd period - Stopped by Chet Pickard with a rebound.
19:49 of 2nd period - Snap shot by Tyrell Goulbourne.
19:49 of 2nd period - Shot Misses the Net.
Goals for this period are 2 for Barracuda vs 2 for Sound Tigers.
Shots for this period are 10 for Barracuda vs 19 for Sound Tigers.
3rd period
0:01 of 3rd period - James Sheppard wins face-off versus Corban Knight in neutral zone.
0:09 of 3rd period - Corban Knight is hit by Jayson Megna and loses puck.
0:51 of 3rd period - Pavel Kraskovsky is hit by Kevin Connauton and loses puck.
1:17 of 3rd period - Slapshot by Joey Laleggia.
1:17 of 3rd period - Stopped by Chet Pickard with a rebound.
1:19 of 3rd period - Snap shot by Ryan Bourque.
1:19 of 3rd period - Shot Misses the Net.
2:03 of 3rd period - Wrist shot by Emil Pettersson.
2:03 of 3rd period - Shot Blocked by Andrew Shaw.
2:57 of 3rd period - Jordan LaVallee is hit by Dylan McIlrath and loses puck.
3:44 of 3rd period - Icing by Borna Rendulic.
3:45 of 3rd period - Sam Carrick wins face-off versus Pavel Kraskovsky in Sound Tigers zone.
3:50 of 3rd period - Snap shot by Billy Sweat.
3:50 of 3rd period - Stopped by Leland Irving without a rebound.
3:51 of 3rd period - Joe Labate wins face-off versus Corban Knight in Sound Tigers zone.
4:00 of 3rd period - Snap shot by Corban Knight.
4:00 of 3rd period - Stopped by Leland Irving with a rebound.
4:02 of 3rd period - Snap shot by Kevin Connauton.
4:02 of 3rd period - Stopped by Leland Irving without a rebound.
4:03 of 3rd period - Corban Knight wins face-off versus Joe Labate in Sound Tigers zone.
4:37 of 3rd period - Justin Shugg is hit by Tyrell Goulbourne and loses puck.
5:17 of 3rd period - Slapshot by Chris Wagner.
5:17 of 3rd period - Stopped by Leland Irving without a rebound.
5:18 of 3rd period - Corban Knight wins face-off versus Joe Labate in Sound Tigers zone.
5:19 of 3rd period - Wrist shot by Jordan LaVallee.
5:19 of 3rd period - Shot Misses the Net.
5:21 of 3rd period - Slapshot by Kevin Connauton.
5:21 of 3rd period - Deflect By Dylan McIlrath.
5:21 of 3rd period - Stopped by Leland Irving with a rebound.
5:23 of 3rd period - Slapshot by Brandon Kozun.
5:23 of 3rd period - Stopped by Leland Irving with a rebound.
5:25 of 3rd period - Slapshot by Zach Trotman.
5:25 of 3rd period - Shot Blocked by Ben Thomson.
5:27 of 3rd period - Wrist shot by Brandon Kozun.
5:27 of 3rd period - Stopped by Leland Irving with a rebound.
5:29 of 3rd period - Snap shot by Brandon Kozun.
5:29 of 3rd period - Shot Blocked by Joe Labate.
5:31 of 3rd period - Wrist shot by Brandon Kozun.
5:31 of 3rd period - Shot Misses the Net.
5:33 of 3rd period - Slapshot by Kevin Connauton.
5:33 of 3rd period - Stopped by Leland Irving with a rebound.
6:03 of 3rd period - Off-side.
6:04 of 3rd period - Theodor Blueger wins face-off versus Ryan Bourque in neutral zone.
6:20 of 3rd period - Wrist shot by Ryan Bourque.
6:20 of 3rd period - Stopped by Chet Pickard with a rebound.
6:30 of 3rd period - James Sheppard is hit by Corban Knight and loses puck.
6:37 of 3rd period - Snap shot by Corban Knight.
6:37 of 3rd period - Stopped by Leland Irving without a rebound.
6:38 of 3rd period - Joe Labate wins face-off versus Jordan LaVallee in Sound Tigers zone.
7:13 of 3rd period - Snap shot by Andrew Shaw.
7:13 of 3rd period - Shot Misses the Net.
7:30 of 3rd period - Minor Penalty to Alexander Yelesin for Holding.
7:31 of 3rd period - Andrew Shaw wins face-off versus Jordan LaVallee in Sound Tigers zone.
7:45 of 3rd period - Wrist shot by Brian Ferlin.
7:45 of 3rd period - Stopped by Chet Pickard without a rebound.
7:46 of 3rd period - Corban Knight wins face-off versus Andrew Shaw in Barracuda zone.
8:17 of 3rd period - Dylan McIlrath is hit by Sam Carrick.
9:21 of 3rd period - Jordan LaVallee is hit by Connor Murphy.
9:30 of 3rd period - Penalty to Alexander Yelesin is over, Alexander Yelesin is back on ice.
9:48 of 3rd period - Wrist shot by Emil Pettersson.
9:48 of 3rd period - Stopped by Leland Irving without a rebound.
9:49 of 3rd period - Emil Pettersson wins face-off versus Ryan Bourque in Sound Tigers zone.
9:52 of 3rd period - Snap shot by Emil Pettersson.
9:52 of 3rd period - Stopped by Leland Irving without a rebound.
9:53 of 3rd period - Emil Pettersson wins face-off versus James Livingstone in Sound Tigers zone.
9:56 of 3rd period - Snap shot by Emil Pettersson.
9:56 of 3rd period - Stopped by Leland Irving without a rebound.
9:57 of 3rd period - Chris Wagner wins face-off versus Ryan Bourque in Sound Tigers zone.
10:12 of 3rd period - William Carrier is hit by Tyrell Goulbourne and loses puck.
10:37 of 3rd period - Wrist shot by Emil Pettersson.
10:37 of 3rd period - Stopped by Leland Irving without a rebound.
10:38 of 3rd period - Corban Knight wins face-off versus Jayson Megna in Sound Tigers zone.
11:04 of 3rd period - Connor Murphy is hit by Billy Sweat and loses puck.
11:27 of 3rd period - Slapshot by Juho Lammikko.
11:27 of 3rd period - Stopped by Leland Irving with a rebound.
11:29 of 3rd period - Snap shot by Logan MacMillan.
11:29 of 3rd period - Stopped by Leland Irving without a rebound.
11:30 of 3rd period - Jayson Megna wins face-off versus Logan MacMillan in Sound Tigers zone.
11:55 of 3rd period - Corban Knight is hit by Brad Ross and loses puck.
13:19 of 3rd period - Billy Sweat is hit by Brad Ross and loses puck.
14:08 of 3rd period - Icing by Tyrell Goulbourne.
14:09 of 3rd period - Corban Knight wins face-off versus Ryan Bourque in Sound Tigers zone.
14:10 of 3rd period - Snap shot by Jordan LaVallee.
14:10 of 3rd period - Deflect By Brandon Kozun.
14:10 of 3rd period - Shot Misses the Net.
14:10 of 3rd period - Puck is out of play.
14:11 of 3rd period - Corban Knight wins face-off versus Jayson Megna in Sound Tigers zone.
14:24 of 3rd period - Wrist shot by Brandon Kozun.
14:24 of 3rd period - Goal by Brandon Kozun - Barracuda : 5 - Sound Tigers : 3.
14:25 of 3rd period - Corban Knight wins face-off versus James Sheppard in neutral zone.
14:29 of 3rd period - Minor Penalty to Jayson Megna for Hooking.
14:30 of 3rd period - Corban Knight wins face-off versus Andrew Shaw in Sound Tigers zone.
14:31 of 3rd period - Snap shot by Brandon Kozun.
14:31 of 3rd period - Shot Misses the Net.
14:35 of 3rd period - Wrist shot by Jordan LaVallee.
14:35 of 3rd period - Shot Blocked by Dylan McIlrath.
14:37 of 3rd period - Wrist shot by Jordan LaVallee.
14:37 of 3rd period - Shot Blocked by Andrew Shaw.
14:39 of 3rd period - Slapshot by Zach Trotman.
14:39 of 3rd period - Deflect By Jordan LaVallee.
14:39 of 3rd period - Stopped by Leland Irving without a rebound.
14:40 of 3rd period - Corban Knight wins face-off versus Andrew Shaw in Sound Tigers zone.
14:59 of 3rd period - Snap shot by Corban Knight.
14:59 of 3rd period - Shot Hit the Post.
15:01 of 3rd period - Snap shot by Jordan LaVallee.
15:01 of 3rd period - Shot Misses the Net.
16:29 of 3rd period - Penalty to Jayson Megna is over, Jayson Megna is back on ice.
18:24 of 3rd period - Zach Trotman is hit by Dylan McIlrath and loses puck.
19:35 of 3rd period - Alexander Yelesin is hit by Corban Knight and loses puck.
19:52 of 3rd period - Dylan McIlrath is hit by William Carrier and loses puck.
Goals for this period are 1 for Barracuda vs 0 for Sound Tigers.
Shots for this period are 17 for Barracuda vs 3 for Sound Tigers.
Output by the SimonT Hockey Simulator (STHS) for Francois Prevost